 Dungeon Crawl Stone Soup version 0.18-a0-1572-g0a86841 (webtiles) character file.

18 Oddball22 the Grasshopper (level 2, -1/14 HPs)
             Began as a Spriggan Warper on Mar 15, 2016.
             Slain by an ooze (3 damage)
             ... on level 1 of the Dungeon.
             The game lasted 00:01:55 (437 turns).

Oddball22 the Grasshopper (Spriggan Warper)          Turns: 437, Time: 00:01:55

Health: -1/14      AC:  2    Str:  7    XL:     2   Next: 51%
Magic:  7/7        EV: 19    Int: 14    God:
Gold:   7          SH:  0    Dex: 15    Spells: 1 memorised, 6 levels left

rFire  . . .     SeeInvis +     a - +0 short sword
rCold  . . .     Gourm    .     b - +0 robe
rNeg   . . .     Faith    .     (shield restricted)
rPois  .         Spirit   .     (helmet restricted)
rElec  .         Dismiss  .     (no cloak)
rCorr  .         Reflect  .     (gloves unavailable)
SustAt .         Harm     .     (boots unavailable)
MR     .....                    (no amulet)
Stlth  ++........               (no ring)
                                (no ring)

@: very quick, not resistant to hostile enchantments, unstealthy
A: unfitting armour, see invisible, herbivore 3, speed 3, slow metabolism 2
a: no special abilities


You were on level 1 of the Dungeon.
You were not hungry.

You visited 1 branch of the dungeon, and saw 1 of its levels.

You collected 7 gold pieces.

Inventory:

Hand Weapons
 a - a +0 short sword (weapon)
Missiles
 e - 5 tomahawks of dispersal (quivered)
Armour
 b - a +0 robe (worn)
Scrolls
 d - a scroll of blinking
 h - a scroll of identify {unknown}
Potions
 i - a potion of degeneration {unknown}
 j - a potion of lignification {unknown}
Books
 c - a book of Spatial Translocations

   Spells                             Type                      Level
   a - Apportation                    Translocation                1
   b - Blink                          Translocation                2
   c - Shroud of Golubria             Charms/Translocation         2
   d - Portal Projectile              Translocation                3
   e - Teleport Other                 Translocation                3
   f - Passage of Golubria            Translocation                4
Comestibles
 f - a bread ration
 g - a slice of pizza


   Skills:
 - Level 1.5 Fighting
 + Level 2.4 Short Blades
 - Level 1.0 Throwing
 + Level 3.9 Dodging
 + Level 1.2 Stealth
 * Level 3.3 Spellcasting
 + Level 4.4 Translocations


You had 6 spell levels left.
You knew the following spells:

 Your Spells              Type           Power        Failure   Level  Hunger
a - Apportation           Tloc           ##........   3%          1    #......


Dungeon Overview and Level Annotations

Branches:
Dungeon (1/15)

Altars:


Innate Abilities, Weirdness & Mutations

You are tiny and cannot use many weapons and most armour.
You have supernaturally acute eyesight.
You are a herbivore.
You cover ground extremely quickly.
You need consume almost no food.


Message History

The ooze hits you.
You hit the ooze but do no damage.
The ooze is lightly wounded.
The ooze hits you.
* * * LOW HITPOINT WARNING * * *
You see here a kobold corpse.
You start resting.
You hit the ooze.
The ooze is lightly wounded.
The ooze closely misses you.
You hit the ooze.
The ooze is heavily wounded.
The ooze closely misses you.
You hit the ooze.
The ooze is heavily wounded.
The ooze misses you.
You hit the ooze.
The ooze is severely wounded.
The ooze hits you.
You die...

#...............#
#######..
#....†..........# #..
#...............# ####..
#..####.####....##
#####..... ##.
...........#####......#..
##
##................##.###
##..##...#..####.......
####....J...†.## ####.((..
#.......#@..†.####.)......
..####..#####......##.....
..###...## #.....###.....
......#.######.....#
#.....
..........†J....(..#
#.....
..#####.#####......#
#..... . #.# #..#....#
#..... #...[J.##....#
#..... .........#....#


You could see an ooze.

Vanquished Creatures
  A dart slug (D:1)
  5 hobgoblins (D:1)
  4 kobolds (D:1)
  4 bats (D:1)
  A giant newt (D:1)
15 creatures vanquished.

Notes
Turn   | Place    | Note
--------------------------------------------------------------
     0 | D:1      | Oddball22 the Spriggan Warper began the quest for the Orb.
     0 | D:1      | Reached XP level 1. HP: 10/10 MP: 5/5
   255 | D:1      | Reached XP level 2. HP: 12/14 MP: 7/7
   291 | D:1      | Reached skill level 1 in Stealth
   437 | D:1      | Slain by an ooze

Vault maps used:
D:1:      eino_arrival_cavern_a

Skill      XL: |  1  2 |
---------------+-------+-----
Spellcasting   | 3 |  3.3
Stealth        | 1 |  1.2
Fighting       | |  1.5
Short Blades   | |  2.4
Throwing       | |  1.0
Dodging        | |  3.9
Translocations | |  4.4

Action                   || total
-------------------------++-------
Melee: Short sword       ||    61
 Cast: Apportation       ||     1
